 Dungeon Crawl Stone Soup version 0.18-a0-1311-g779ca93 (webtiles) character file.

905 Duffy the Geomancer (level 7, 0/36 HPs)
             Began as a Deep Elf Earth Elementalist on Feb 13, 2016.
             Slain by an iguana (11 damage)
             ... on level 4 of the Dungeon.
             The game lasted 00:06:24 (5862 turns).

Duffy the Geomancer (Deep Elf Earth Elementalist)   Turns: 5862, Time: 00:06:24

Health: 0/36       AC:  2    Str:  5    XL:     7   Next: 80%
Magic:  4/13       EV: 10    Int: 22    God:
Gold:   181        SH:  7    Dex: 15    Spells: 3 memorised, 6 levels left

rFire  . . .     SeeInvis .     c - book of Geomancy
rCold  . . .     Gourm    .     a - +0 robe
rNeg   + . .     Faith    .     s - +2 buckler {rN+}
rPois  .         Spirit   .     (no helmet)
rElec  .         Dismiss  .     (no cloak)
rCorr  .         Reflect  .     (no gloves)
SustAt .         Harm     .     (no boots)
MR     .....                    (no amulet)
Stlth  ++........               (no ring)
                                (no ring)

@: constricted, not resistant to hostile enchantments, unstealthy
A: no striking features
a: no special abilities


You were on level 4 of the Dungeon.
You were very hungry.

You visited 1 branch of the dungeon, and saw 4 of its levels.
You also visited: Sewer.

You collected 181 gold pieces.


   Skills:
 - Level 2.4 Dodging
 - Level 2.4 Stealth
 - Level 4.2 Shields
 + Level 3.0 Spellcasting
 - Level 1.5 Conjurations
 - Level 1.2 Transmutations
 + Level 8.2 Earth Magic


You had 6 spell levels left.
You knew the following spells:

 Your Spells              Type           Power        Failure   Level  Hunger
a - Sandblast             Erth           #####.       1%          1    None
c - Stone Arrow           Conj/Erth      ###...       6%          3    ###....
P - Passwall              Trmt/Erth      ###.......   3%          2    ##.....

Inventory:

Missiles
 b - 67 stones
 r - 5 tomahawks (quivered)
Armour
 a - a +0 robe (worn)
 s - a +2 buckler of positive energy (worn)
 v - the +0 shield "Tioptaat" {rPois MR+}

   It protects you from poison.
   It affects your resistance to hostile enchantments.
Scrolls
 e - a scroll of random uselessness {unknown}
 g - 5 scrolls of recharging {unknown}
 h - 4 scrolls of teleportation
 k - 12 scrolls of identify
 n - 2 scrolls of enchant armour {unknown}
 o - a scroll of enchant weapon {unknown}
 p - a scroll of immolation {unknown}
 y - a scroll of blinking {unknown}
 A - a scroll of fog {unknown}
 C - 2 scrolls of magic mapping {unknown}
Potions
 i - a potion of lignification {unknown}
 l - 2 potions of might {unknown}
 m - a potion of haste {unknown}
 q - a potion of magic {unknown}
 u - a potion of flight {unknown}
 w - a potion of agility {unknown}
 x - a potion of mutation {unknown}
 z - a potion of ambrosia {unknown}
 B - a potion of brilliance {unknown}
 D - a potion of heal wounds {unknown}
Books
 c - a book of Geomancy (in hand)
Comestibles
 d - a bread ration
 f - a meat ration
 j - a slice of pizza
 t - 5 fruits

Dungeon Overview and Level Annotations

Branches:
Dungeon (4/15)
 Temple: D:4-7

Altars:
Makhleb
Pakellas


Message History

The iguana bites you! You block the ball python's attack.
The ball python constricts you.
Cast which spell? (? or * to list)
Aiming: Sandblast
Press: ? - help, Shift-Dir - straight line, f/p - iguana
Aim: an iguana (almost dead)
The blast of sand misses the iguana.
You block the ball python's attack. The ball python constricts you.
The iguana bites you!
Cast which spell? (? or * to list)
Aiming: Sandblast
Press: ? - help, Shift-Dir - straight line, f/p - iguana
Aim: an iguana (almost dead)
The blast of sand hits the iguana.
The iguana is almost dead.
The ball python bites you but does no damage.
The ball python constricts you.
The iguana hisses menacingly.
The iguana bites you but does no damage.
Cast which spell? (? or * to list)
Aiming: Sandblast
Press: ? - help, Shift-Dir - straight line, f/p - iguana
Aim: an iguana (almost dead)
The blast of sand hits the iguana.
The iguana is almost dead.
The ball python bites you but does no damage.
The ball python constricts you. The iguana bites you.
You block the ball python's attack. The ball python constricts you.
Cast which spell? (? or * to list)
Aiming: Sandblast
Press: ? - help, Shift-Dir - straight line, f/p - iguana
Aim: an iguana (almost dead)
The blast of sand hits the iguana.
The iguana is almost dead.
The iguana bites you!
You die...

............%..
...............
...............
........)......
...............
############.%######
#...##...###..##..##
+...'..<..'.........
#..@#.....#.........
#.Sl#.....#.....#~#.
#...#.....#.....#~#.
.....#.....#.....#~#.
#.....#.....#.....#~#.
#.....#.....#.....#~#.
#..........##.#####~##
..##### ## #~# #.#


You could see an iguana and a ball python.

Action                   |  1- 3 |  4- 6 |  7- 9 || total
-------------------------+-------+-------+-------++-------
 Cast: Sandblast         |    95 |    64 |    63 ||   222
       Stone Arrow       |       |       |    16 ||    16
  Use: Scroll            |       |       |     3 ||     3
  Eat: Chunk             |     5 |     4 |     6 ||    15

Notes
Turn   | Place    | Note
--------------------------------------------------------------
     0 | D:1      | Duffy the Deep Elf Earth Elementalist began the quest for the Orb.
     0 | D:1      | Reached XP level 1. HP: 10/10 MP: 6/6
   226 | D:1      | Reached XP level 2. HP: 15/15 MP: 5/8
   271 | D:1      | Reached skill level 4 in Earth Magic
   275 | D:1      | Learned a level 2 spell: Passwall
  1193 | D:1      | Reached XP level 3. HP: 12/19 MP: 0/9
  1343 | D:1      | Learned a level 3 spell: Stone Arrow
  2297 | D:2      | Found an oddly glowing altar of Pakellas.
  2839 | D:2      | Reached skill level 1 in Conjurations
  2896 | D:2      | Reached skill level 5 in Earth Magic
  2915 | D:2      | Reached XP level 4. HP: 22/24 MP: 7/10
  3568 | D:3      | Noticed Sigmund
  3572 | D:3      | Killed Sigmund
  3572 | D:3      | Reached skill level 6 in Earth Magic
  3572 | D:3      | Reached XP level 5. HP: 28/28 MP: 8/11
  3623 | D:3      | Reached skill level 1 in Shields
  3635 | D:3      | Reached XP level 6. HP: 32/32 MP: 7/12
  3852 | D:2      | Reached skill level 7 in Earth Magic
  4058 | D:3      | Noticed Grinder
  4070 | D:3      | Killed Grinder
  4070 | D:3      | Reached skill level 8 in Earth Magic
  4070 | D:3      | Reached XP level 7. HP: 27/36 MP: 6/13
  4467 | D:3      | Reached skill level 2 in Shields
  4624 | D:4      | Got an ichor-stained shield
  4635 | D:4      | Identified the cursed +0 shield "Tioptaat" {rPois MR+} (You found it on level 4 of the Dungeon)
  4672 | D:4      | Found a glowing drain.
  4681 | Sewer    | Entered a sewer
  4954 | Sewer    | Reached skill level 3 in Shields
  5526 | D:4      | Reached skill level 4 in Shields
  5767 | D:4      | Found a burning altar of Makhleb.
  5862 | D:4      | Slain by an iguana

Vault maps used:
D:1:      scummos_arrival_simple_crosswalls, minivault_26
D:2:      grunt_pakellas_basics
D:3:      uniq_sigmund, uniq_grinder
D:4:      kennysheep_little_box, minmay_temple_entry_hall, portal_sewer_entry_d
Sewer:    sewer_co_cracked_pipes

Vanquished Creatures
  Grinder Sigmund
  2 ogres
  A scorpion
  A hound
  An orc priest
  2 orc wizards
  A worker ant
  8 adders
  3 river rats
  A worm
  A giant gecko
  6 orcs
  6 bats
  5 giant cockroaches
  7 goblins
  12 hobgoblins
  8 jackals
  A quokka
  3 ball pythons
  9 giant newts
  10 kobolds
  15 rats
105 creatures vanquished.
